Map: Prion Terraces

Players

LilDicky - Winner!

  • Race: Terran Terran
  • League: Platinum

Gus

  • Race: Zerg Zerg
  • League: Gold

VOD

http://www.twitch.tv/tumescentpie

Description

Time

  • Played on: Nov. 21, 2015, 5:52 p.m.
  • Length: 12:23
Show
View Real Time Build Order
Export as new Build Order

LilDicky Terran - Winner!

Build Orders: Command Center First (CC) 

Get SALT Encoding   

  12  0:01  SCV  
  13  0:13  SCV  
  14  0:17  Supply Depot  
  14  0:25  SCV  
  15  0:39  SCV  
  16  0:51  SCV  
  17  1:03  SCV  
  18  1:05  Command Center  
  18  1:15  Barracks  
  18  1:17  SCV  
  19  1:29  SCV  
  20  1:41  SCV  
  21  1:53  SCV  
  22  2:03  Supply Depot  
  22  2:05  Marine  
  23  2:25  Marine  
  23  2:26  Orbital Command  
  21  2:45  Command Center x2  
  21  2:47  Marine  
  22  2:56  SCV  
  23  3:01  Orbital Command  
  23  3:08  SCV, Marine  
  25  3:18  Bunker  
  25  3:20  SCV  
  25  3:26  Marine  
  27  3:28  SCV  
  27  3:32  SCV  
  29  3:40  SCV  
  30  3:41  Barracks  
  30  3:43  Barracks, Marine  
  31  3:54  Supply Depot  
  31  4:03  Marine  
  31  4:04  SCV  
  31  4:05  Orbital Command  
  34  4:10  Orbital Command x2  
  34  4:16  SCV  
  34  4:20  Bunker  
  34  4:28  SCV  
  35  4:32  Marine x2  
  35  4:33  Marine  
  35  4:34  SCV  
  35  4:37  SCV  
  41  4:41  SCV  
  41  4:44  Barracks  
  41  4:50  Barracks  
  41  4:51  Marine x3  
  44  4:59  SCV  
  45  5:03  SCV  
  45  5:04  SCV  
  47  5:09  Marine x3  
  47  5:10  SCV  
  50  5:23  Bunker  
  50  5:25  SCV  
  50  5:26  SCV  
  50  5:27  Marine x3  
  50  5:28  Supply Depot  
  55  5:32  SCV x2  
  55  5:33  Marine  
  55  5:35  Barracks x3  
  58  5:36  Barracks  
  58  5:37  SCV  
  58  5:38  SCV  
  60  5:44  SCV, Marine  
  60  5:45  SCV, Marine x3  
  60  5:49  SCV, Refinery  
  67  5:50  Refinery  
  67  5:51  Refinery  
  67  5:53  Refinery, Marine  
  69  5:57  SCV  
  69  6:01  Marine  
  69  6:02  Marine  
  68  6:28  Marine  
  68  6:29  Marine x5  
  68  6:30  Marine  
  75  6:33  SCV  
  69  6:49  Marine x2  
  69  6:50  Barracks Tech Lab x2  
  69  6:51  Barracks Reactor  
  69  6:52  Barracks Reactor, Marine  
  69  6:53  Marine x2  
  74  6:54  Orbital Command  
  75  7:01  SCV  
  75  7:06  Engineering Bay x2  
  75  7:07  Marine x2  
  77  7:10  Marine  
  77  7:11  Barracks  
  77  7:12  Barracks  
  77  7:14  Marine x4  
  75  7:16  Stimpack  
  75  7:17  Command Center, Combat Shields  
  65  7:24  Marine  
  65  7:25  Marine  
  67  7:33  Marauder  
  66  7:44  Marine x3  
  66  7:48  Bunker  
  66  7:51  Bunker  
  69  7:54  SCV x2  
  69  7:55  Bunker  
  69  7:56  Bunker  
  71  7:58  Marine x2  
  71  8:04  SCV, Marine x2  
  79  8:05  Marauder  
  79  8:08  SCV  
  79  8:09  SCV  
  80  8:16  Terran Infantry Weapons Level 1, SCV, Missile Turret, Terran Infantry Armor Level 1  
  81  8:20  Barracks Reactor x3, Factory, SCV  
  81  8:23  Barracks Reactor x2  
  81  8:25  Marine x2  
  82  8:29  Barracks Reactor  
  76  8:34  Orbital Command  
  76  8:36  Concussive Shells, Marine x2  
  76  8:37  SCV x2  
  76  8:38  SCV  
  76  8:39  Marine  
  76  8:40  Refinery, Bunker  
  82  8:41  Refinery  
  82  8:42  Marine  
  82  8:46  Marine  
  84  8:53  SCV x2  
  84  8:54  Marine x2  
  88  8:57  Command Center, Marine  
  88  9:00  Marine  
  88  9:01  Refinery  
  88  9:02  Refinery  
  90  9:05  Supply Depot  
  90  9:07  Supply Depot  
  90  9:08  Marine x2  
  92  9:11  Supply Depot  
  92  9:12  Marauder  
  92  9:16  Marauder  
  89  9:34  Marine x2  
  89  9:37  Marine x3  
  89  9:38  Marauder x2  
  83  9:42  Marine x2  
  83  9:43  Marine x2  
  87  9:51  SCV, Marine x2  
  90  9:52  Marine  
  90  9:53  Marine x4  
  90  9:59  Marauder x2  
  99  10:03  Starport  
  99  10:06  Armory, Factory Reactor  
  98  10:09  SCV  
  98  10:10  SCV x2  
  98  10:12  Marine  
  101  10:18  Marine x2  
  101  10:21  Marauder x2, Marine x3  
  99  10:22  Marine  
  99  10:26  Planetary Fortress  
  99  10:28  SCV  
  102  10:35  Marine  
  100  10:36  Marine x2  
  100  10:37  Marine  
  100  10:38  Marine x2  
  100  10:42  Marauder x2  
  109  10:43  SCV x2  
  109  10:44  SCV  
  112  10:51  Marine x3  
  115  10:59  Missile Turret  
  115  11:03  Marauder x2  
  119  11:08  Marine x2  
  119  11:09  Marine  
  122  11:13  Marine x2  
  124  11:24  Orbital Command  
  124  11:25  SCV x3, Marauder x2  
  130  11:26  Starport  
  130  11:27  Starport, Medivac x2  
  135  11:38  Missile Turret  
  135  11:44  SCV  
  135  11:45  Marine x2  
  135  11:46  Marauder x2, Marine x3  
  145  11:47  Marine  
  155  12:09  Supply Depot  
Show
View Real Time Build Order
Export as new Build Order

Gus Zerg 

Build Orders: Pool First 

Get SALT Encoding   

  12  0:04  Extractor  
  11  0:23  Spawning Pool  
  10  0:31  Drone x2  
  12  0:46  Overlord  
  12  1:10  Zergling x6  
  15  1:15  Metabolic Boost  
  15  1:26  Zergling x2  
  16  1:35  Queen  
  18  1:42  Drone  
  18  1:45  Drone  
  20  1:53  Drone  
  21  2:05  Drone  
  22  2:21  Overlord  
  22  2:43  Hatchery  
  21  2:51  Hatchery  
  20  2:56  Drone x3  
  23  3:17  Drone x2, Extractor  
  23  3:18  Drone  
  25  3:23  Baneling Nest  
  24  3:50  Zergling x4  
  24  3:51  Zergling x6  
  28  4:08  Queen  
  28  4:09  Drone  
  31  4:11  Drone x3  
  34  4:18  Overlord  
  34  4:30  Queen  
  36  4:39  Drone x2  
  38  4:54  Zergling x8  
  38  4:55  Zergling x4  
  44  5:19  Overlord  
  44  5:20  Overlord x2  
  44  5:22  Drone x2  
  44  5:23  Drone x3  
  49  5:36  Overlord x2  
  49  5:43  Baneling x4  
  49  5:44  Baneling x5  
  49  5:45  Baneling  
  49  6:01  Drone x3  
  49  6:02  Drone x6  
  58  6:06  Extractor  
  58  6:07  Extractor  
  53  6:27  Baneling  
  53  6:28  Baneling x5  
  53  6:29  Baneling x5  
  53  6:32  Lair  
  42  6:50  Zergling x8  
  42  6:51  Zergling x14  
  42  6:52  Zergling x12  
  42  6:53  Zergling x2  
  53  7:23  Queen  
  51  7:40  Infestation Pit  
  51  7:43  Zergling x2  
  51  7:44  Zergling x14  
  45  7:45  Zergling x14  
  45  7:46  Zergling x6  
  59  7:56  Centrifical Hooks  
  59  8:02  Hatchery  
  59  8:03  Evolution Chamber x2  
  59  8:05  Drone x2  
  58  8:18  Drone x2  
  58  8:19  Drone x2  
  59  8:43  Hive  
  59  8:53  Drone x4, Extractor x2  
  59  8:54  Drone x6  
  59  8:55  Drone  
  68  9:11  Baneling x6  
  68  9:12  Baneling x6  
  68  9:13  Baneling x7  
  68  9:14  Baneling x6  
  38  9:39  Zergling x6  
  38  9:40  Zergling x14  
  38  9:41  Zergling x2  
  47  9:55  Zergling x6  
  51  10:03  Drone x4  
  51  10:04  Drone x3  
  42  10:32  Ultralisk Cavern  
  39  10:38  Drone x3  
  39  10:39  Drone x3  
  45  11:19  Ultralisk x3  
  63  11:28  Hatchery  
  62  11:50  Hatchery  
Tags
 
Add a new tag
Caveats
  • Supply blocks, unpowered buildings, or Contaminate may cause inaccurate times.
  • Supply counts are checked every 10 seconds.